 Dungeon Crawl Stone Soup version 0.25-a0-317-g5f8687bca5 (webtiles) character file.

Game seed: 5815376512561511846, levelgen mode: deterministic

195 Goblin1989 the Cutter (level 6, -2/38 HPs)
             Began as a Kobold Fighter on Dec 25, 2019.
             Was a Follower of Wu Jian.
             Slain by a steam dragon (3 damage)
             ... on level 4 of the Dungeon.
             The game lasted 00:05:44 (3372 turns).

Goblin1989 the Cutter (Kobold Fighter)              Turns: 3372, Time: 00:05:45

Health: -2/38      AC:  6    Str: 15      XL:     6   Next: 4%
Magic:  6/6        EV:  9    Int: 14      God:    Wu Jian [*.....]
Gold:   123        SH:  9    Dex: 13 (15) Spells: 5/5 levels left

rFire    + . .     SeeInvis .   a - +0 rapier
rCold    + . .     Gourm    .   c - +0 shield
rNeg     . . .     Faith    .   b - +0 scale mail
rPois    +         Spirit   .   (no helmet)
rElec    +         Reflect  .   (no cloak)
rCorr    +         Harm     .   (no gloves)
MR       +....                  (no boots)
Stlth    ..........             (no amulet)
HPRegen  0.12/turn              m - ring of protection from magic
MPRegen  0.10/turn              q - +5 ring of intelligence

@: resistant, flying
A: small, carnivore
a: Renounce Religion


You were on level 4 of the Dungeon.
You worshipped Wu Jian.
Wu Jian was aware of your devotion.
You were completely stuffed.

You visited 1 branch of the dungeon, and saw 4 of its levels.

You collected 123 gold pieces.

Inventory:

Hand Weapons
 a - a +0 rapier (weapon)
Missiles
 s - 4 curare-tipped darts (quivered)
 Z - a throwing net {!d , @Q1}
Armour
 b - a +0 scale mail (worn)
 c - a +0 shield (worn)
Jewellery
 j - a +6 ring of intelligence
 m - a ring of protection from magic (left hand)
 q - a +5 ring of intelligence (right hand)
Scrolls
 h - a scroll of random uselessness {unknown}
 i - 3 scrolls of identify {unknown}
 n - a scroll of enchant armour {unknown}
 o - a scroll of fear {unknown}
 w - a scroll of remove curse {unknown}
Potions
 f - a potion of heal wounds {unknown}
 p - a potion of invisibility {unknown}
Comestibles
 e - 9 rations
 t - a chunk of flesh


   Skills:
 + Level 4.0 Fighting
 * Level 5.0 Short Blades
 + Level 3.0 Armour
 + Level 2.2 Dodging
 + Level 3.0 Shields


You had 5 spell levels left.
You didn't know any spells.
Your spell library was empty.

Dungeon Overview and Level Annotations

Branches:
Dungeon (4/15)
 Temple: D:4-7

Altars:
Wu Jian


Innate Abilities, Weirdness & Mutations

You are small and have problems with some larger weapons.
You are carnivorous and can eat meat at any time.


Message History

w - a scroll labeled KOIRUD EC EK DOSA
Z - a throwing net {!d , @Q1}
e - 8 rations (gained 1)
A quokka comes into view.
Found a stone staircase leading down.
The quokka twitches its whiskers.
You closely miss the quokka.
The quokka bites you but does no damage.
You barely miss the quokka. The quokka closely misses you.
Your scale mail prevents you from hitting the quokka.
The quokka bites you. You block the quokka's attack.
You take 1 damage, and have 37/38 hp.
Your shield and scale mail prevent you from hitting the quokka.
The quokka bites you but does no damage.
You hit the quokka.
The quokka is lightly wounded.
The quokka barely misses you.
You closely miss the quokka.
The quokka is lightly wounded.
The quokka bites you but does no damage.
You barely miss the quokka.
The quokka is lightly wounded.
The quokka bites you but does no damage.
You block the quokka's attack.
Health restored: 38 You puncture the quokka!
You kill the quokka!
The Council accepts your kill.
No target in view!
No target in view!
No target in view!
No target in view!
No target in view!
No target in view!
You butcher the quokka corpse.
t - 2 chunks of flesh (gained 1)
You see here a quokka skeleton. x2
Eating one of 2 chunks of flesh.
You eat one of the 2 chunks of flesh.
This raw flesh tastes great.
e - 9 rations (gained 1)
A steam dragon comes into view.
A steam dragon is nearby!
You hit the steam dragon but do no damage.
You block the steam dragon's attack. The steam dragon barely misses you.
Unknown command.
It was a potion of flight.
You feel very buoyant.
You fly up into the air.
You block the steam dragon's attack. The steam dragon misses you.
Unknown command.
You hit the steam dragon.
The steam dragon is lightly wounded.
The steam dragon bites you! You block the steam dragon's attack.
You take 7 damage, and have 31/38 hp.
It was a potion of resistance.
You feel protected. You block the steam dragon's attack. x2
Unknown command.
You hit the steam dragon.
The steam dragon is moderately wounded.
You block the steam dragon's attack. The steam dragon claws you.
You take 5 damage, and have 26/38 hp.
You hit the steam dragon.
The steam dragon is moderately wounded.
The steam dragon breathes steam at you. The ball of steam hits you! You resist.
You take 7 damage, and have 19/38 hp.
You hit the steam dragon.
The steam dragon is heavily wounded.
The steam dragon bites you but does no damage.
You block the steam dragon's attack.
You closely miss the steam dragon.
The steam dragon is heavily wounded.
The steam dragon bites you.
* * * LOW HITPOINT WARNING * * *
The steam dragon claws you but does no damage.
You take 3 damage, and have 16/38 hp.
You spin and attack the steam dragon.
You hit the steam dragon but do no damage.
The steam dragon is heavily wounded.
A hound skeleton comes into view.
The steam dragon bites you.
* * * LOW HITPOINT WARNING * * *
The steam dragon claws you.
* * * LOW HITPOINT WARNING * * *
You take 5 damage, and have 11/38 hp.
You spin and attack the steam dragon.
You closely miss the steam dragon.
The steam dragon is heavily wounded.
A scorpion comes into view.
The steam dragon breathes steam at you. The ball of steam hits you. You resist.
* * * LOW HITPOINT WARNING * * *
You take 3 damage, and have 8/38 hp.
You spin and attack the steam dragon.
Your shield and scale mail prevent you from hitting the steam dragon.
The steam dragon is heavily wounded.
The steam dragon bites you!
* * * LOW HITPOINT WARNING * * *
The steam dragon claws you.
You die...

. .██ █.. █.█ ██
█§█ ... ██§███[█
█..███.§.s..█
█...Z.§█ █....@D█
█ ....██...█
███.. .█
█%..█.████.....
█.█..§........█
██.█...........█
.......÷.......█
...█.>.....(...█
█..█████.██████..
███.██████.█ .


You could see a steam dragon (pinned), a scorpion and a hound skeleton.

Vanquished Creatures
  A quasit (D:3)
  8 adders
  2 oozes
  An adder skeleton (D:4)
  2 worms
  2 dart slugs
  6 leopard geckos
  6 orcs
  3 giant cockroaches
  6 goblins
  6 hobgoblins
  6 kobolds
  A quokka (D:4)
  5 bats
  7 frilled lizards
  2 rats
64 creatures vanquished.

Notes
Turn   | Place    | Note
-------+----------+-------------------------------------------
     0 | D:1      | Goblin1989 the Kobold Fighter began the quest for the Orb.
     0 | D:1      | Reached XP level 1. HP: 14/14 MP: 1/1
    19 | D:1      | DrOrange: !subscribe
   201 | D:1      | Reached skill level 3 in Short Blades
   201 | D:1      | Reached XP level 2. HP: 19/19 MP: 2/2
   332 | D:1      | Reached skill level 1 in Dodging
   562 | D:1      | Reached XP level 3. HP: 23/23 MP: 3/3
   765 | D:1      | DrOrange: !subscribe
  1205 | D:2      | Reached XP level 4. HP: 28/28 MP: 4/4
  1211 | D:2      | Reached skill level 4 in Short Blades
  1423 | D:2      | Found an ornate altar of the Wu Jian Council.
  1531 | D:2      | Became a worshipper of the Wu Jian Council
  2230 | D:2      | Reached XP level 5. HP: 17/33 MP: 5/5
  2972 | D:3      | Reached * piety under Wu Jian
  3008 | D:3      | Reached XP level 6. HP: 20/38 MP: 6/6
  3315 | D:4      | Reached skill level 5 in Short Blades
  3327 | D:4      | Goblin1989: WOW!!!
  3327 | D:4      | Goblin1989: j - a +6 ring of intelligence m - a ring of
                  | protection from magic (left hand) q - a +5 ring of
                  | intelligence (right hand)
  3360 | D:4      | Noticed a steam dragon
  3372 | D:4      | HP: 1/38 [steam dragon (7)]
  3372 | D:4      | Slain by a steam dragon

Levels and vault maps discovered:
D:1:      minmay_arrival_stair_chambers, layout_basic
D:2:      layout_basic, overflow_temple_1_default
D:3:      wander_river, layout_rooms, first_ration
D:4:      layout_rooms, ebering_ghost_disaster_area

Skill      XL: |  1  2  3  4  5  6 |
---------------+-------------------+-----
Short Blades   | 3 4 5 |  5.0
Dodging        | 1 2 |  2.2
Armour         | 3 |  3.0
Fighting       | 4 |  4.0
Shields        | 3 |  3.0

Action                   |  1- 3 |  4- 6 || total
-------------------------+-------+-------++-------
Melee: Rapier            |    80 |   190 ||   270
Invok: Lunge             |       |     8 ||     8
       Whirlwind         |       |     4 ||     4
  Use: Potion            |       |     5 ||     5
  Eat: Chunk             |     9 |     8 ||    17
Armor: Scale mail        |    36 |    82 ||   118
Dodge: Dodged            |    42 |    87 ||   129
Block: Shield            |    34 |   110 ||   144

Table legend:
 A = Non-vault XP
 B = Vault XP
 C = Vault XP percentage of total XP
 D = Non-vault monster count
 E = Vault monster count
 F = Vault count percentage of total count
                 A         B        C        D         E       F
            +---------+---------+-------+---------+---------+-------
      Total |     279 |       0 |   0.0 |      64 |       0 |   0.0
            +---------+---------+-------+---------+---------+-------
        D:1 |      45 |       0 |   0.0 |      22 |       0 |   0.0
        D:2 |     104 |       0 |   0.0 |      19 |       0 |   0.0
        D:3 |     120 |       0 |   0.0 |      20 |       0 |   0.0
        D:4 |      10 |       0 |   0.0 |       3 |       0 |   0.0
            +---------+---------+-------+---------+---------+-------

Levels and vault maps discovered:
D:1:      minmay_arrival_stair_chambers, layout_basic
D:2:      layout_basic, overflow_temple_1_default
D:3:      wander_river, layout_rooms, first_ration
D:4:      layout_rooms, ebering_ghost_disaster_area
